 Dungeon Crawl Stone Soup version 0.26-b1-32-g5d43845318 (webtiles) character file.

Game seed: 8867088752230453256

224 DearestLeader the Chopper (level 5, -5/45 HPs)
             Began as a Minotaur Gladiator on Jan 5, 2021.
             Slain by a gnoll
             ... wielding a +0 flail
              (11 damage)
             ... on level 3 of the Dungeon.
             The game lasted 00:05:37 (3502 turns).

DearestLeader the Chopper (Minotaur Gladiator)      Turns: 3502, Time: 00:05:38

Health: -5/45      AC:  8    Str: 20    XL:     5   Next: 67%
Magic:  4/4        EV:  8    Int:  5    God:
Gold:   286        SH:  0    Dex: 11    Spells: 4/4 levels left

rFire    + . .     SeeInvis .   a - +0 war axe
rCold    + . .     Faith    .   (no shield)
rNeg     . . .     Spirit   .   f - +0 chain mail
rPois    .         Reflect  .   c - +0 hat
rElec    .         Harm     .   t - scarf {rC+ rF+}
rCorr    .         Rampage  .   (no gloves)
Will     .....                  (no boots)
Stlth    ..........             (no amulet)
HPRegen  0.15/turn              (no ring)
MPRegen  0.09/turn              (no ring)

@: no status effects
A: retaliatory headbutt, horns 2
a: no special abilities


You were on level 3 of the Dungeon.
You visited 1 branch of the dungeon, and saw 3 of its levels.

You collected 286 gold pieces.

Inventory:

Hand Weapons
 a - a +0 war axe (weapon)
Missiles
 d - 3 throwing nets
 g - 78 poisoned darts (quivered)
Armour
 b - a +0 leather armour
 c - a +0 hat (worn)
 f - a +0 chain mail (worn)
 t - a scarf of resistance (worn)
Scrolls
 e - a scroll of amnesia
 j - 3 scrolls of teleportation
 l - a scroll of enchant armour
 m - a scroll of magic mapping
 p - a scroll of immolation {unknown}
 q - 2 scrolls of enchant weapon {unknown}
 r - a scroll of identify
Potions
 h - a potion of heal wounds
 i - a potion of might {unknown}
 k - a potion of flight {unknown}
 n - a potion of brilliance {unknown}
 o - a potion of curing {unknown}
 s - a potion of cancellation {unknown}


   Skills:
 - Level 3.0 Fighting
 * Level 7.2 Axes
 - Level 2.0 Throwing
 + Level 2.0 Armour
 - Level 3.2 Dodging


You had 4 spell levels left.
You didn't know any spells.
Your spell library contained the following spells:

 Spells                   Type           Power        Failure   Level
 Animate Skeleton         Necr           0%           99%         1
 Apportation              Tloc           0%           99%         1
 Corona                   Hex            0%           99%         1
 Summon Small Mammal      Summ           0%           99%         1


Dungeon Overview and Level Annotations

Branches:
Dungeon (3/15)

Altars:
Nemelex Xobeh
Qazlal
The Shining One


Innate Abilities, Weirdness & Mutations

You reflexively headbutt those who attack you in melee.
You have a pair of horns on your head.


Message History

The gnoll hits you with a +0 flail!
You are too injured to fight recklessly!
You are too injured to fight recklessly!
You hear a shout!
The gnoll hits you with a +0 flail!
* * * LOW HITPOINT WARNING * * *
You feel much better. The gnoll hits you with a +0 flail.
The gnoll hits you with a +0 flail!
You closely miss the gnoll. The gnoll closely misses you.
You slash the gnoll!
The gnoll is heavily wounded.
The gnoll hits you with a +0 flail!
* * * LOW HITPOINT WARNING * * *
An orc comes into view.
You closely miss the gnoll.
The gnoll is heavily wounded.
The gnoll hits you with a +0 flail.
* * * LOW HITPOINT WARNING * * *
The gnoll hits you with a +0 flail!
You die...

# #.#.# ###### # #.#.#
#....# # #.#.#
#.##.######### ##
#.#.#####.#.#†(.)......
.####.#......###....#
... .#######)#.###.#
..##..# ##)## #(# #
#.....#
#####)####.##.##.## ..#
.......@g..)....... .##
######.###..o...... ##
#.# ####...... # #.#
.#.### # #.# # # #.# #.
#.


You could see a gnoll (berserk) and an orc.

Vanquished Creatures
  An orc priest (D:3)
  A worker ant zombie (D:3)
  3 gnolls
  5 adders
  4 worms
  A dart slug (D:2)
  A leopard gecko (D:2)
  2 orcs (D:3)
  A ball python (D:2)
  10 bats
  3 giant cockroaches (D:2)
  8 goblins
  10 hobgoblins
  12 jackals
  3 quokkas
  6 frilled lizards
  9 kobolds
  14 rats
94 creatures vanquished.

Notes
Turn   | Place    | Note
-------+----------+-------------------------------------------
     0 | D:1      | DearestLeader the Minotaur Gladiator began the quest for
                  | the Orb.
     0 | D:1      | Reached XP level 1. HP: 18/18 MP: 0/0
   115 | D:1      | Reached skill level 4 in Axes
   190 | D:1      | Reached XP level 2. HP: 21/25 MP: 1/1
   942 | D:1      | Reached XP level 3. HP: 31/31 MP: 2/2
  1164 | D:2      | Reached skill level 5 in Axes
  1705 | D:2      | Reached XP level 4. HP: 38/38 MP: 3/3
  1750 | D:2      | Reached skill level 6 in Axes
  2659 | D:3      | Reached XP level 5. HP: 27/45 MP: 4/4
  2661 | D:3      | Reached skill level 1 in Armour
  3089 | D:3      | Found a sparkling altar of Nemelex Xobeh.
  3089 | D:3      | Found a stormy altar of Qazlal.
  3118 | D:3      | Found a glowing golden altar of the Shining One.
  3326 | D:3      | Reached skill level 7 in Axes
  3502 | D:3      | Slain by a gnoll

Illustrated notes

Levels and vault maps discovered:
D:1:      shiori_shiawase, layout_basic
D:2:      layout_loops_corners, minmay_joined_circles
D:3:      layout_loops_ring, gammafunk_temple_overflow_wave,
          lemuel_altar_in_water, uniq_crazy_yiuf_cottage

Skill      XL: |  1  2  3  4  5 |
---------------+----------------+-----
Axes           | 4 5 6 7 |  7.2
Fighting       | 3 |  3.0
Armour         | 2 |  2.0
Throwing       | |  2.0
Dodging        | |  3.2

Action                   |  1- 3 |  4- 6 || total
-------------------------+-------+-------++-------
Melee: War axe           |    52 |   114 ||   166
       Headbutt          |    10 |    20 ||    30
       Broad axe         |    26 |    33 ||    59
  Use: Scroll            |     5 |     3 ||     8
       Potion            |       |     1 ||     1
 Stab: Sleeping          |     1 |       ||     1
Armor: Leather armour    |    19 |    18 ||    37
       Chain mail        |       |    50 ||    50
Dodge: Dodged            |    68 |    76 ||   144
